 Dungeon Crawl Stone Soup version 0.31.0-4-g52a2dc7128 (webtiles) character file.

Game seed: 14990924072883935166

115 ProzacElf the Magician (level 4, 0/33 HPs)
             Began as a Demonspawn Wanderer on Jan 23, 2024.
             Slain by a cerulean imp
             ... wielding a +0 spear
             ... summoned by Natasha
              (1 damage)
             ... on level 2 of the Dungeon.
             The game lasted 00:03:18 (1649 turns).

ProzacElf the Magician (Demonspawn Wanderer)        Turns: 1649, Time: 00:03:18

Health: 0/33       AC:  5    Str: 14    XL:     4   Next: 68%
Magic:  9/10       EV: 11    Int: 15    God:
Gold:   77         SH:  0    Dex: 10    Spells: 8/11 levels left

rFire   . . .        b - +0 falchion
rCold   . . .        (no shield)
rNeg    . . .        p - +0 leather armour
rPois   .            (no helmet)
rElec   .            o - +1 cloak
rCorr   .            (no gloves)
SInv    .            (no boots)
Will    .....        (no amulet)
Stlth   +            (no ring)
HPRegen 0.25/turn    (no ring)
MPRegen 0.12/turn

%: no passive effects
@: slowed, very slow
A: spiny 1, weakness stinger 1
a: no special abilities


You were on level 2 of the Dungeon.
You visited 1 branch of the dungeon, and saw 2 of its levels.

You collected 77 gold pieces.

Inventory:

Hand Weapons
 a - a +0 whip
 b - a +0 falchion (weapon)
 g - a +0 club
Armour
 c - a +0 robe
 o - a +1 cloak (worn)
 p - a +0 leather armour (worn)
Magical Staves
 j - a staff of earth
Talismans
 n - a beast talisman
Scrolls
 e - a scroll of fear {unknown}
 f - 2 scrolls of identify {unknown}
 h - a scroll of fog {unknown}
 i - a scroll of amnesia {unknown}
 k - a scroll of silence {unknown}
 l - 2 scrolls of teleportation
 q - a scroll of revelation {unknown}
Potions
 d - a potion of mutation
 m - a potion of enlightenment {unknown}


   Skills:
 - Level 2.0 Fighting
 + Level 2.6 Maces & Flails
 - Level 1.0 Throwing
 - Level 4.0 Spellcasting
 - Level 3.0 Necromancy
 + Level 2.1 Ice Magic


You had 8 spell levels left.
You knew the following spells:

 Your Spells              Type           Power      Damage    Failure   Level
a - Freeze                Ice            36%        1d5       10%         1
b - Cigotuvi's Dreadful   Necr/Alch/Air  12%        N/A       22%         2

Your spell library contained the following spells:

 Spells                   Type           Power      Damage    Failure   Level
 Sublimation of Blood     Necr           12%        N/A       10%         2
 Call Canine Familiar     Summ           3%         N/A       56%         3
 Gell's Gravitas          Tloc           3%         N/A       56%         3
 Volatile Blastmotes      Fire/Tloc      6%         2d10      56%         3


Dungeon Overview and Level Annotations

Branches:
Dungeon (2/15)

Altars:

Annotations:
D:1 dig for loot
D:2 Natasha


Innate Abilities, Weirdness & Mutations

You are partially covered in sharp spines.
You have a small tail.


Message History

Ye hit tha cerulean imp.
Yer tail-slap misses tha cerulean imp.
Tha cerulean imp be moderately wounded.
Natasha mumbles some strange words.
Tha cerulean imp hits ye but does nay damage.
Natasha be struck by yer spines.
Natasha closely misses ye.
Ye hit tha cerulean imp.
Yer tail-slap misses tha cerulean imp.
Tha cerulean imp be severely wounded.
Tha cerulean imp barely misses ye.
Natasha stares at ye an' mumbles some strange words.
Ye feel yerself slow down.
Tha cerulean imp completely misses ye.
Ye closely miss tha cerulean imp.
Tha cerulean imp be severely wounded.
Tha cerulean imp hits ye from afar wit' a +2 spear.
Natasha barely misses ye.
Tha cerulean imp closely misses ye. x2
Natasha barely misses ye.
Tha cerulean imp be struck by yer spines.
Tha cerulean imp hits ye wit' a +0 spear.
Ye take 8 damage, an' haf 14/33 hp.
MASSIVE DAMAGE!!
Ye be too injured ta fight recklessly!
Ye closely miss Natasha.
Natasha be moderately wounded.
Tha cerulean imp barely misses ye.
Natasha be struck by yer spines.
Natasha closely misses ye.
Tha cerulean imp barely misses ye.
Tha cerulean imp hits ye from afar wit' a +2 spear.
Natasha claws ye.
* * * LOW HITPOINT WARNIN'
* * * Tha cerulean imp hits ye but does nay damage.
Ye take 7 damage, an' haf 7/33 hp.
MASSIVE DAMAGE!!
Castin': Freeze (safe; 10% risk o' failure) Confirm wit' . or Enter, or press ? or * ta list all spells.
Aimin': Freeze (safe; 10% risk o' failure)
Press: ? - help, Shift-Dir - straight line, f - Natasha
Aim: Natasha (severely wounded) Ye freeze Natasha.
Natasha be almost dead.
Tha cerulean imp hits ye from afar wit' a +2 spear.
* * * LOW HITPOINT WARNIN'
* * * Natasha closely misses ye.
Tha cerulean imp hits ye wit' a +0 spear.
Ye die...

#....)........####.#.#
#...........#..†...#.#
#......####...######.##
#.....###......#.#....#
####### #.#......#.#..#
#.#.#....#....####
#.#.#...5#..#....#
#.#.#.##5h.#####.#
#.#.#.##@#># #.#
#.#.#.##.### #.#
#########.#.#.##.# #.####
..........#.#....# #....#
###########.###### ####.#
#.......<#.# #.#
#.########.###############.#
#.# #.................# #.#
###################


You could see Natasha and 2 cerulean imps.

Vanquished Creatures
  Natasha (D:2)
  6 adders (D:2)
  2 dart slugs
  3 bats
  6 endoplasms
  4 goblins
  A hobgoblin (D:2)
  4 jackals (D:2)
  2 ball pythons (D:2)
  2 frilled lizards (D:2)
  A kobold (D:2)
  2 rats
34 creatures vanquished.

Notes
Turn   | Place    | Note
-------+----------+-------------------------------------------
     0 | D:1      | ProzacElf the Demonspawn Wanderer began the quest for the
                  | Orb.
     0 | D:1      | ProzacElf set off with the following items: a +0 club, a
                  | scroll of teleportation, a +0 robe, a potion of mutation;
                  | and the following spell memorised: Freeze; and the
                  | following spells available to memorise: Sublimation of
                  | Blood, Cigotuvi's Dreadful Rot, Call Canine Familiar,
                  | Gell's Gravitas, Volatile Blastmotes.
     0 | D:1      | Reached XP level 1. HP: 16/16 MP: 5/5
   149 | D:1      | Reached skill level 1 in Maces & Flails
   149 | D:1      | Gained mutation: You are partially covered in sharp spines.
                  | [demonic ancestry]
   149 | D:1      | Reached XP level 2. HP: 2/22 MP: 7/7
   766 | D:2      | Gained mutation: You have a small tail. [demonic ancestry]
   766 | D:2      | Reached XP level 3. HP: 23/27 MP: 8/8
   891 | D:2      | Reached skill level 1 in Ice Magic
  1120 | D:2      | Learned a level 2 spell: Cigotuvi's Dreadful Rot
  1165 | D:2      | Reached XP level 4. HP: 31/33 MP: 10/10
  1422 | D:2      | Noticed Natasha
  1429 | D:2      | Killed Natasha
  1640 | D:2      | Noticed Natasha
  1649 | D:2      | HP: 1/33 [cerulean imp/+2 spear[Natasha] (6)]
  1649 | D:2      | Slain by a cerulean imp

Illustrated notes

Levels and vault maps discovered:
D:1:      minmay_arrival_cross, layout_rooms, serial_glass, glass_columns_a,
          glass_columns_b, glass_columns_a, glass_columns_b, glass_columns_b,
          glass_columns_c, glass_columns_b, glass_columns_a, item_on_display_b,
          due_unseen_surprise, minmay_strange_pillars
D:2:      minmay_angry_zag, layout_basic, uniq_natasha

Skill      XL: |  1  2  3  4 |
---------------+-------------+-----
Maces & Flails | 1 2 |  2.6
Necromancy     | 3 |  3.0
Ice Magic      | 1 2 |  2.1
Fighting       | |  2.0
Throwing       | |  1.0
Spellcasting   | |  4.0

Action                     |  1- 3 |  4- 6 || total
---------------------------+-------+-------++-------
  Melee: Whip              |    76 |       ||    76
         Club              |     1 |       ||     1
         Punch             |     1 |       ||     1
         Falchion          |     9 |    24 ||    33
         Tailslap          |     4 |     1 ||     5
   Cast: Freeze            |       |     1 ||     1
 Armour: Robe              |    52 |     6 ||    58
         Leather armour    |       |    12 ||    12
  Dodge: Dodged            |    55 |    22 ||    77

Action                     |  1- 3 |  4- 6 || total
---------------------------+-------+-------++-------
  Melee: Whip              |    76 |       ||    76
         Club              |     1 |       ||     1
         Punch             |     1 |       ||     1
         Falchion          |     9 |    24 ||    33
         Tailslap          |     4 |     1 ||     5
   Cast: Freeze            |       |     1 ||     1
 Armour: Robe              |    52 |     6 ||    58
         Leather armour    |       |    12 ||    12
  Dodge: Dodged            |    55 |    22 ||    77

Levels and vault maps discovered:
D:1:      minmay_arrival_cross, layout_rooms, serial_glass, glass_columns_a,
          glass_columns_b, glass_columns_a, glass_columns_b, glass_columns_b,
          glass_columns_c, glass_columns_b, glass_columns_a, item_on_display_b,
          due_unseen_surprise, minmay_strange_pillars
D:2:      minmay_angry_zag, layout_basic, uniq_natasha
